AoeStats
← alexisius(FR)

Fortress

508288961Analyzed
3v3 RM · 12d ago on Sep 21, 2026· 38m 58s· 6 players
Game mode
Random Map
Map size
Large (8 player)
Population
200
Speed
Normal
Resources
Standard
Victory
Conquest
Starting age
Dark Age
Ending age
Imperial Age
RankedLock teamsTeams togetherTeam positionsShared explorationLock speedFull tech treeHidden civsTurbo modeCheats
Victory
Defeat
🇩🇪 Poles · Germany
1293
+14
🇩🇪 Spanish · Germany
1254
+16
🇩🇪 Dravidians · Germany
1165
+19
🇫🇷 Byzantines · France
1259
-17
🇫🇷 Britons · France
1239
-16
🇫🇷 Cumans · France
1237
-16
Blyatman
7:22 Feudal Age
10:58 Castle Age
9:18 Double-Bit Axe
9:37 Horse Collar
11:57 Bow Saw
13:13 Heavy Plow
25:36 Imperial Age
23:58 Wheelbarrow
23:14 Loom
24:20 Thumb Ring
24:42 Thumb Ring
24:44 Padded Archer Armor
24:34 Fletching
25:21 Hand Cart
25:42 Elite Skirmisher
26:40 Leather Archer Armor
30:05 Ring Archer Armor
29:30 Bodkin Arrow
32:21 Bracer
34:33 Capped Ram
37:06 Scale Mail Armor
37:16 Forging
36:33 Siege Ram
Mo...
8:56 Feudal Age
13:12 Castle Age
11:01 Double-Bit Axe
10:57 Horse Collar
11:09 Gold Mining
11:41 Fletching
11:51 Padded Archer Armor
14:36 Bow Saw
15:59 Wheelbarrow
19:52 Heavy Plow
23:59 Imperial Age
22:29 Thumb Ring
22:35 Bodkin Arrow
23:32 Leather Archer Armor
23:55 Loom
24:12 Elite Elephant Archer
26:38 Two-Man Saw
25:44 Pikeman
26:24 Squires
27:04 Conscription
28:31 Ballistics
29:12 Chemistry
28:07 Arson
29:09 Bracer
29:42 Ring Archer Armor
30:26 Hand Cart
29:57 Halberdier
32:00 Medical Corps
32:02 Arson
32:19 Scale Mail Armor
32:29 Forging
33:26 Chain Mail Armor
34:14 Fortified Wall
35:12 Wootz Steel
34:47 Onager
TheSurfingBird
9:11 Feudal Age
12:41 Castle Age
10:27 Horse Collar
10:36 Double-Bit Axe
11:15 Gold Mining
13:31 Wheelbarrow
14:24 Bow Saw
24:03 Imperial Age
22:06 Stone Mining
22:23 Heavy Plow
22:55 Hand Cart
22:27 Loom
24:29 Bloodlines
24:19 Husbandry
24:21 Cavalier
25:08 Scale Barding Armor
25:14 Forging
25:29 Szlachta Privileges
25:45 Conscription
26:36 Chain Barding Armor
26:13 Town Watch
28:35 Iron Casting
30:21 Blast Furnace
31:19 Fortified Wall
32:56 Treadmill Crane
33:26 Masonry
34:18 Town Patrol
34:35 Light Cavalry
37:32 Siege Engineers
skyles
6:08 Feudal Age
7:26 Double-Bit Axe
11:22 Horse Collar
13:27 Loom
14:56 Town Watch
18:40 Castle Age
16:47 Scale Barding Armor
16:53 Forging
17:09 Bloodlines
18:13 Gold Mining
18:13 Stone Mining
18:19 Fletching
18:29 Padded Archer Armor
22:01 Iron Casting
22:34 Scale Mail Armor
22:56 Chain Barding Armor
23:52 Capped Ram
26:15 Wheelbarrow
29:49 Imperial Age
30:17 Elite Steppe Lancer
33:24 Gold Shaft Mining
33:38 Heavy Plow
35:12 Hand Cart
35:41 Plate Barding Armor
36:15 Blast Furnace
35:42 Pikeman
36:22 Squires
38:11 Halberdier
Jack213
7:36 Feudal Age
11:30 Castle Age
10:20 Fletching
10:39 Double-Bit Axe
12:34 Bow Saw
14:25 Loom
18:16 Horse Collar
18:53 Town Watch
22:32 Wheelbarrow
22:53 Ballistics
23:48 Padded Archer Armor
24:37 Hand Cart
25:24 Gold Mining
25:54 Bodkin Arrow
26:51 Leather Archer Armor
27:25 Gold Shaft Mining
26:44 Stone Mining
30:43 Imperial Age
30:32 Yeomen
30:16 Scale Mail Armor
30:27 Forging
29:40 Pikeman
30:48 Elite Longbowman
31:30 Bracer
31:48 Halberdier
33:06 Iron Casting
32:46 Chain Mail Armor
33:41 Squires
35:15 Blast Furnace
35:06 Conscription
36:23 Two-Man Saw
36:15 Plate Mail Armor
37:56 Ring Archer Armor
alexisius(FR)
3:38 Loom
8:26 Feudal Age
11:04 Double-Bit Axe
13:29 Castle Age
14:56 Bow Saw
17:06 Wheelbarrow
19:30 Horse Collar
21:54 Hand Cart
22:50 Gold Mining
23:42 Heavy Plow
24:21 Stone Mining
27:22 Imperial Age
25:05 Forging
24:59 Fletching
25:41 Padded Archer Armor
26:30 Fortified Wall
25:55 Elite Skirmisher
26:32 Bodkin Arrow
27:31 Thumb Ring
27:43 Leather Archer Armor
29:11 Chemistry
29:47 Bracer
30:08 Ballistics
30:22 Ring Archer Armor
30:45 Forging
35:25 Pikeman
36:43 Iron Casting
36:09 Scale Mail Armor
36:30 Halberdier
37:46 Careening
Connection lost

Rejoining the realm…

Still unreachable

The connection could not be restored.

Session expired

The server has moved on; the page needs a fresh start.